 Dungeon Crawl Stone Soup version 0.32-a0-290-g598725c5f2 (webtiles) character file.

Game seed: 3024050970498427294

217 Dittersdorf the Shield-Bearer (level 5, -4/34 HPs)
             Began as a Gargoyle Fighter on Feb 13, 2024.
             Slain by an iguana (7 damage)
             ... on level 3 of the Dungeon.
             The game lasted 00:01:28 (1325 turns).

Dittersdorf the Shield-Bearer (Gargoyle Fighter)    Turns: 1325, Time: 00:01:29

Health: -4/34      AC: 13    Str: 22    XL:     5   Next: 94%
Magic:  5/5        EV:  9    Int:  8    God:
Gold:   120        SH:  5    Dex:  9    Spells: 4/4 levels left

rFire   . . .        a - +0 flail
rCold   . . .        c - +1 buckler
rNeg    + . .        b - +0 scale mail
rPois   ∞            (no helmet)
rElec   +            n - +0 cloak
rCorr   .            (no gloves)
SInv    .            k - +0 pair of boots
Will    .....        (no amulet) Stlth
                     (no ring)
HPRegen 0.25/turn    (no ring)
MPRegen 0.09/turn

%: no passive effects
@: no status effects
A: sickness immunity, AC +4, negative energy resistance 1, electricity
resistance, torment resistance 1, petrification resistance
a: no special abilities


You were on level 3 of the Dungeon.
You visited 1 branch of the dungeon, and saw 3 of its levels.

You collected 120 gold pieces.

Inventory:

Hand Weapons
 a - a +0 flail (weapon)
Armour
 b - a +0 scale mail (worn)
 c - a +1 buckler (worn)
 k - a +0 pair of boots (worn)
 n - a +0 cloak (worn)
Potions
 d - 2 potions of might
 g - 2 potions of berserk rage {unknown}
 h - a potion of mutation {unknown}
 j - a potion of heal wounds {unknown}
 l - a potion of enlightenment


   Skills:
 + Level 4.5 Fighting
 + Level 3.3 Maces & Flails
 + Level 4.5 Armour
 + Level 4.5 Shields


You had 4 spell levels left.
You didn't know any spells.
Your spell library was empty.

Dungeon Overview and Level Annotations

Branches:
Dungeon (3/15)

Altars:


Innate Abilities, Weirdness & Mutations

You are immune to sickness and miasma.
Your stone body is resilient. (AC +4)
You are immune to poison.
You resist negative energy. (rN+)
You are resistant to electric shocks. (rElec)
You are resistant to unholy torment.
You are immune to petrification.


Message History

The orc closely misses you.
The iguana bites you but does no damage.
You block the orc's attack.
You sock the iguana!
The iguana is almost dead.
The orc hits you but does no damage. The iguana bites you!
You are too injured to fight recklessly!
You are too injured to fight recklessly!
You are too injured to fight recklessly!
You are too injured to fight recklessly!
You are too injured to fight recklessly!
You are too injured to fight recklessly!
You are too injured to fight recklessly!
You are too injured to fight recklessly!
You are too injured to fight recklessly!
You are too injured to fight recklessly!
You are too injured to fight recklessly!
You are too injured to fight recklessly!
You are too injured to fight recklessly!
You are too injured to fight recklessly!
You are too injured to fight recklessly!
You are too injured to fight recklessly!
You are too injured to fight recklessly!
You are too injured to fight recklessly!
You hit the iguana.
The iguana is almost dead.
The orc hits you but does no damage. The iguana barely misses you.
You closely miss the iguana.
The iguana is almost dead.
You block the orc's attack. The iguana completely misses you.
You barely miss the iguana.
The iguana is almost dead.
The orc barely misses you. The iguana bites you.
* * * LOW HITPOINT WARNING * * *
You closely miss the iguana.
The iguana is almost dead.
The orc hits you but does no damage. The iguana bites you.
* * * LOW HITPOINT WARNING * * *
The iguana bites you!
You die...

#...#.#
+.....
#....#
#.<..# #
#....# #[#.
#..).#.....
#...#....##
#....>.....
#@##.#.#.##
#lo....#
.S...#.#
.......<#
#......###
........
#########.
..


You could see an iguana, an orc and a ball python.

Vanquished Creatures
  Sigmund (D:2)
  An adder (D:2)
  2 dart slugs (D:1)
  2 orcs (D:3)
  2 bats (D:1)
  3 endoplasms (D:1)
  4 giant cockroaches
  6 goblins
  A hobgoblin (D:2)
  3 ball pythons
  A frilled lizard (D:1)
  A kobold (D:1)
  4 rats (D:1)
31 creatures vanquished.

Notes
Turn   | Place    | Note
-------+----------+-------------------------------------------
     0 | D:1      | Dittersdorf the Gargoyle Fighter began the quest for the
                  | Orb.
     0 | D:1      | Reached XP level 1. HP: 14/14 MP: 1/1
   115 | D:1      | Reached XP level 2. HP: 11/19 MP: 2/2
   284 | D:1      | Reached XP level 3. HP: 23/23 MP: 3/3
   880 | D:2      | Noticed Sigmund
   890 | D:2      | Killed Sigmund
   891 | D:2      | Reached XP level 4. HP: 12/30 MP: 4/4
   891 | D:2      | Reached XP level 5. HP: 13/34 MP: 5/5
  1325 | D:3      | Slain by an iguana

Illustrated notes

Levels and vault maps discovered:
D:1:      spicycebolla_arrival_clurvy, layout_basic
D:2:      layout_rooms, uniq_sigmund
D:3:      layout_basic, amcnicky_altar_gilded, cheibrodos_sewer_entry_drain

Skill      XL: |  1  2  3 |
---------------+----------+-----
Fighting       | 4 |  4.5
Maces & Flails | 3 |  3.3
Armour         | 4 |  4.5
Shields        | 4 |  4.5

Action                     |  1- 3 |  4- 6 || total
---------------------------+-------+-------++-------
  Melee: Flail             |    68 |    35 ||   103
    Use: Scroll            |       |     4 ||     4
 Armour: Scale mail        |    47 |    26 ||    73
  Dodge: Dodged            |    29 |    18 ||    47
  Block: Buckler           |    10 |     9 ||    19

Table legend: (Time is in decaauts)
 A = Elapsed time spent in this place.
 B = Non-inter-level travel time spent in this place.
 C = Inter-level travel time spent in this place.
 D = Time resting spent in this place.
 E = Time spent auto-exploring this place.
 F = Levels seen in this place.
 G = Mean time per level.
                   A        B        C        D        E       F      G
               +--------+--------+--------+--------+--------+-----+--------+
         Total |   1355 |   1317 |     38 |     73 |    981 |   3 |  451.7 |
       Dungeon |   1355 |   1317 |     38 |     73 |    981 |   3 |  451.7 |
               +--------+--------+--------+--------+--------+-----+--------+

Top non-repeatable levels by time:
     D:1: 836 daAuts
     D:2: 491 daAuts
     D:3: 27 daAuts
